 Dungeon Crawl Stone Soup version 0.29.1-1-gd02db69 (webtiles) character file.

Game seed: 12655566530191058290

21 Kel the Chopper (level 2, -2/19 HPs)
             Began as a Gargoyle Berserker on Nov 25, 2022.
             Was a Follower of Trog.
             Slain by a necrophage (3 damage)
             ... on level 3 of the Dungeon.
             The game lasted 00:01:04 (930 turns).

Kel the Chopper (Gargoyle Berserker)                 Turns: 930, Time: 00:01:04

Health: -2/19      AC:  5    Str: 20    XL:     2   Next: 87%
Magic:  2/2        EV: 11    Int:  7    God:    Trog [*.....]
Gold:   16         SH:  0    Dex:  9    Spells: 1/1 levels left

rFire   . . .      SeeInvis .   a - +0 hand axe
rCold   . . .      Faith    .   (no shield)
rNeg    + . .      Spirit   .   b - +0 animal skin
rPois   ∞          Reflect  .   (no helmet)
rElec   +          Harm     .   (no cloak)
rCorr   .          Rampage  .   (no gloves)
Will    .....                   (no boots)
Stlth   +.........              (no amulet)
HPRegen 0.06/turn               (no ring)
MPRegen 0.08/turn               (no ring)

@: no status effects
A: sickness immunity, AC +2, negative energy resistance 1, electricity
resistance, torment resistance 1, petrification resistance
a: Renounce Religion, Berserk


You were on level 3 of the Dungeon.
You worshipped Trog.
Trog was aware of your devotion.
You visited 1 branch of the dungeon, and saw 3 of its levels.

You collected 16 gold pieces.

Inventory:

Hand Weapons
 a - a +0 hand axe (weapon)
Armour
 b - a +0 animal skin (worn)
Scrolls
 c - a scroll of butterflies {unknown}
 d - a scroll of poison {unknown}
Potions
 e - a potion of curing {unknown}


   Skills:
 - Level 3.3 Fighting
 + Level 3.6 Axes
 - Level 2.2 Armour
 - Level 1.6 Dodging


You had one spell level left.
You didn't know any spells.
Your spell library was empty.

Dungeon Overview and Level Annotations

Branches:
Dungeon (2/15)

Altars:


Innate Abilities, Weirdness & Mutations

You are immune to sickness and miasma.
Your stone body is resilient. (AC +2)
You are immune to poison.
You resist negative energy. (rN+)
You are resistant to electric shocks. (rElec)
You are resistant to unholy torment.
You are immune to petrification.


Message History

You hit the necrophage but do no damage.
The necrophage hits you but does no damage.
You barely miss the necrophage. The necrophage closely misses you.
You hit the necrophage but do no damage.
Your punch misses the necrophage. The necrophage barely misses you.
You barely miss the necrophage. The necrophage barely misses you.
You slash the necrophage!
The necrophage is moderately damaged.
The necrophage hits you. The necrophage closely misses you.
You closely miss the necrophage.
The necrophage is moderately damaged.
The necrophage hits you.
You hit the necrophage but do no damage.
The necrophage is moderately damaged.
The necrophage closely misses you.
You barely miss the necrophage.
The necrophage is moderately damaged.
The necrophage hits you.
You closely miss the necrophage.
The necrophage is moderately damaged.
The necrophage misses you.
You hit the necrophage.
The necrophage is heavily damaged.
The necrophage hits you.
* * * LOW HITPOINT WARNING * * *
You hit the necrophage.
The necrophage is severely damaged.
The necrophage hits you.
* * * LOW HITPOINT WARNING * * *
You closely miss the necrophage.
The necrophage is severely damaged.
The necrophage hits you but does no damage.
You hit the necrophage.
The necrophage is severely damaged.
The necrophage barely misses you. The necrophage hits you.
* * * LOW HITPOINT WARNING * * *
You hit the necrophage but do no damage.
The necrophage is severely damaged.
The necrophage hits you.
You die...

###########...###############
#...........# # ###.........#
.. #÷........# ...
#.........# ....
#.....'######### .....
#.....'........##
.?....##.....#####......
#.....n@.....# #......
#..#####.....# #......
#.....# #...... #.....#
#...... #.....#####.....)
#####........†.).
#............ #...........(
#............


You could see a necrophage.

Vanquished Creatures
  An adder (D:3)
  A worm (D:3)
  A ball python (D:3)
  An endoplasm (D:3)
  A goblin (D:1)
  A quokka (D:1)
  3 kobolds
  A rat (D:1)
10 creatures vanquished.

Notes
Turn   | Place    | Note
-------+----------+-------------------------------------------
     0 | D:1      | Kel the Gargoyle Berserker began the quest for the Orb.
     0 | D:1      | Reached XP level 1. HP: 14/14 MP: 1/1
   392 | D:2      | You fall into a shaft and drop 1 floor!
   637 | D:3      | Reached XP level 2. HP: 18/19 MP: 2/2
   914 | D:3      | Noticed a necrophage
   930 | D:3      | Slain by a necrophage

Illustrated notes

Levels and vault maps discovered:
D:1:      giann_horns, layout_basic, minmay_misc_feat_more_columns,
          minmay_tall_x
D:2:      minmay_recursive_quarters, layout_loops_ring,
          shapermc_ecumenical_altar_hornbeckon, minmay_rat_hole
D:3:      layout_basic

Skill      XL: |  1 |
---------------+----+-----
Axes           | 3 |  3.6
Fighting       | |  3.3
Armour         | |  2.2
Dodging        | |  1.6

Action                   || total
-------------------------++-------
Melee: Hand axe          ||    50
       Punch             ||     1
Armor: Animal skin       ||    10
Dodge: Dodged            ||    32
